 Dungeon Crawl Stone Soup version 0.20.1-1-g8b1a95d (console) character file.

9906 bli the Thaumaturge (level 11, 0/91 HPs)
             Began as a Yellow Draconian Conjurer on July 30, 2017.
             Was a Priest of Vehumet.
             Slain by a vault guard
             ... wielding a +0 great mace
              (16 damage)
             ... on level 10 of the Dungeon.
             The game lasted 01:25:47 (10770 turns).

bli the Thaumaturge (Yellow Draconian Conjurer)    Turns: 10770, Time: 01:25:48

Health: 0/91       AC:  9    Str: 17    XL:     11   Next: 29%
Magic:  3/24       EV: 16    Int: 21    God:    Vehumet [***...]
Gold:   376        SH:  8    Dex: 15    Spells: 12/29 levels left

rFire    + . .     SeeInvis .   a - +6 war axe {chop, rF+ rC+ MR+ Str+7}
rCold    + . .     Gourm    .   z - +0 buckler
rNeg     + . .     Faith    .   (armour unavailable)
rPois    .         Spirit   .   (helmet restricted)
rElec    .         Reflect  +   H - +0 cloak
rCorr    +         Harm     .   S - +0 pair of gloves
MR       +....                  (no boots)
Stlth    +++.......             y - +3 amulet of reflection
Regen    0.3/turn               U - ring of positive energy
MPRegen  0.2/turn               g - +3 ring of intelligence

@: no status effects
A: spit acid, acid resistance, unfitting armour, clever 1, screaming 1,
cold-blooded, AC +7
a: Breathe Acid, Renounce Religion


You were on level 10 of the Dungeon.
You worshipped Vehumet.
Vehumet was most pleased with you.
You were not hungry.

You visited 3 branches of the dungeon, and saw 12 of its levels.

You collected 400 gold pieces.
You spent 24 gold pieces at shops.

Inventory:

Hand Weapons
 a - the +6 war axe "Gesuw" (weapon) {chop, rF+ rC+ MR+ Str+7}
   (You found it on level 1 of the Lair of Beasts)

   It inflicts extra damage upon your enemies.
   It affects your strength (+7).
   It protects you from fire.
   It protects you from cold.
   It affects your resistance to hostile enchantments.
 b - a +1 flail of holy wrath
 A - a +0 whip of electrocution
 C - a +0 mace of protection
 F - a +3 mace
 I - a +1 mace of crushing
 W - a +0 hand axe of venom
 X - a +1 flail of crushing
 Y - a +2 hand axe of electrocution
Missiles
 m - 78 stones (quivered)
Armour
 z - a +0 buckler (worn)
 H - a +0 cloak (worn)
 Q - a +2 large shield
 S - a +0 pair of gloves (worn)
Jewellery
 g - a +3 ring of intelligence (right hand)
 h - an uncursed ring of protection from fire
 y - a +3 amulet of reflection (around neck)
 M - an uncursed ring of see invisible
 N - an uncursed ring of ice
 U - a ring of positive energy (left hand)
Wands
 n - a wand of paralysis (17/24)
 x - a wand of lightning (0/15)
 G - a wand of iceblast (7/15)
 P - a wand of random effects (30/48)
 T - a wand of paralysis (16/24)
 V - a wand of confusion (14/48)
 Z - a wand of digging (14/24)
Scrolls
 e - 3 scrolls of amnesia {unknown}
 k - 3 scrolls of teleportation {unknown}
 l - 2 scrolls of enchant armour
 v - 3 scrolls of blinking {unknown}
 w - 2 scrolls of immolation {unknown}
 B - 4 scrolls of remove curse
 D - 4 scrolls of enchant weapon
 O - a scroll of recharging
Potions
 c - a potion of brilliance
 j - 4 potions of curing
 p - 3 potions of haste {unknown}
 t - 5 potions of might {unknown}
 u - 7 potions of lignification {unknown}
 E - 3 potions of agility
 J - 2 potions of flight
 K - 4 potions of magic
Books
 s - a book of Conjurations

   Spells                             Type                      Level
   a - Magic Dart                     Conjuration                  1
   b - Searing Ray                    Conjuration                  2
   c - Dazzling Spray                 Conjuration/Hexes            3
   d - Fulminant Prism                Conjuration/Hexes            4
   e - Force Lance                    Conjuration/Translocation    4
   f - Iskenderun's Mystic Blast      Conjuration                  4
 R - a book of Power

   Spells                             Type                      Level
   a - Iskenderun's Battlesphere      Conjuration/Charms           5
   b - Venom Bolt                     Conjuration/Poison           5
   c - Bolt of Magma                  Conjuration/Fire/Earth       5
   d - Iron Shot                      Conjuration/Earth            6
   e - Orb of Destruction             Conjuration                  7
   f - Spellforged Servitor           Conjuration/Summoning        7
Miscellaneous
 o - a crystal ball of energy
Comestibles
 d - 6 bread rations
 f - 9 chunks of flesh
 q - 7 meat rations
 r - 5 fruits
 L - 2 royal jellies


   Skills:
 * Level 6.8 Fighting
 * Level 4.4(4.8) Axes
 + Level 2.6(4.3) Maces & Flails
   Level 2.6(3.2) Staves
 * Level 6.1 Dodging
 + Level 3.7 Stealth
 + Level 4.0 Shields
 + Level 9.5 Spellcasting
 * Level 7.6 Conjurations
 + Level 1.3 Hexes
 + Level 0.4 Translocations
 + Level 4.2 Earth Magic


You had 12 spell levels left.
You knew the following spells:

 Your Spells              Type           Power        Failure   Level  Hunger
a - Magic Dart            Conj           ####         1%          1    None
b - Sandblast             Erth           ####..       1%          1    None
d - Dazzling Spray        Conj/Hex       ####..       1%          3    None
k - Iskenderun's Mystic   Conj           #####...     1%          4    ##.....
r - Searing Ray           Conj           #####.       1%          2    None
A - Apportation           Tloc           ##....       6%          1    None
M - Summon Small Mammal   Summ           ##..         7%          1    None
P - Fulminant Prism       Conj/Hex       ####......   3%          4    ##.....


Dungeon Overview and Level Annotations

Branches:
Dungeon (10/15)            Temple (1/1) D:6            Lair (1/6) D:9
    Orc (0/2) D:9

Altars:
Cheibriados
Dithmenos
Gozag
Hepliaklqana
Kikubaaqudgha
Makhleb
Okawaru
Ru
Sif Muna
Trog
Vehumet
Xom
Yredelemnul

Shops:
D:4 =

Annotations:
D:6 bmj180's ghost, novice HuFi


Innate Abilities, Weirdness & Mutations

You can spit globs of acid.
You are resistant to acid.
Your golden yellow scales are hard. (AC +7)
You cannot fit into any form of body armour.
You are cold-blooded and may be slowed by cold attacks.
Your mind is acute. (Int +2)
You occasionally shout uncontrollably at your foes.


Message History

The vault guard is heavily wounded.
The vault guard hits you with a great mace!
You hit the vault guard but do no damage.
You tail-slap the vault guard, but do no damage.
The vault guard is heavily wounded.
You block the vault guard's attack.
You slash the vault guard!
The vault guard is severely wounded.
The vault guard hits you with a great mace!
You hit the vault guard but do no damage.
The vault guard is severely wounded.
The vault guard hits you with a great mace!!
* * * LOW HITPOINT WARNING * * *
You feel much better.
The vault guard hits you with a great mace!!
* * * LOW HITPOINT WARNING * * *
You completely miss the vault guard.
Your tail-slap misses the vault guard.
The vault guard is severely wounded.
The vault guard hits you with a great mace!
You die...

......##
##..#................
.....##
#.................#.
...###
##..###...........##
..## #..##
##..........# ###
#..## ############
##...## #.....###
#.......# ##.......#
#....p...# #....@...#
##........#
#.........#
##.#.......#
#..###.....#
#............ ##
##....>....... .#
##.............. .#
##....#########
.######.......#
...............#


You could see a vault guard.

Vanquished Creatures
  The ghost of Frank the Cutter, a novice OpMo (D:4)
  An elephant (Lair:1)
  A black mamba (Lair:1)
  Psyche (D:8)
  3 spiny frogs (Lair:1)
  A rime drake (Lair:1)
  2 komodo dragons (Lair:1)
  Prince Ribbit (D:7)
  Grinder (D:6)
  6 blink frogs (Lair:1)
  2 hippogriffs
  A wyvern (D:9)
  Eustachio (D:6)
  A spatial vortex (Lair:1)
  Menkaure (D:6)
  3 water moccasins
  2 porcupines (Lair:1)
  2 ice beasts
  4 orc warriors
  2 phantoms
  2 sky beasts
  2 necrophages (D:8)
  An ogre (D:9)
  2 centaurs
  A crocodile (Lair:1)
  Blork the orc (D:4)
  A gnoll sergeant (D:9)
  4 bullfrogs
  A wyvern skeleton (D:8)
  A scorpion (D:10)
  10 killer bees
  3 wights (D:7)
  2 crimson imps
  5 jellies
  3 hounds
  Crazy Yiuf (D:3)
  A bullfrog skeleton (D:9)
  A centaur skeleton (D:4)
  7 orc priests
  9 orc wizards
  Jessica (D:3)
  A gnoll shaman (D:9)
  4 iguanas
  7 worker ants
  A hound zombie (D:6)
  A worker ant zombie (D:7)
  Robin (D:3)
  9 adders
  8 gnolls
  A howler monkey skeleton (D:5)
  3 shadow imps
  2 adder zombies
  5 worms
  2 dart slugs (D:3)
  6 leopard geckos
  38 orcs
  6 bats
  5 giant cockroaches
  7 goblins
  9 hobgoblins
  12 jackals
  2 quokkas
  2 ball pythons
  5 frilled lizards
  3 kobolds
  6 rats
242 creatures vanquished.

Vanquished Creatures (others)
  A basilisk (Lair:1)
  A worker ant (D:9)
  A fungus (Lair:1)
  A plant (Lair:1)
4 creatures vanquished.

Grand Total: 246 creatures vanquished

Notes
Turn   | Place    | Note
-------+----------+-------------------------------------------
     0 | D:1      | bli the Draconian Conjurer began the quest for the Orb.
     0 | D:1      | Reached XP level 1. HP: 14/14 MP: 3/3
   317 | D:1      | Reached XP level 2. HP: 18/20 MP: 0/5
  1398 | D:3      | Reached XP level 3. HP: 26/26 MP: 3/6
  1642 | D:3      | Learned a level 2 spell: Searing Ray
  1656 | D:3      | Noticed Robin
  1677 | D:3      | Killed Robin
  1690 | D:3      | Noticed Jessica
  1696 | D:3      | Killed Jessica
  1696 | D:3      | Reached XP level 4. HP: 33/34 MP: 1/8
  1750 | D:3      | Identified Jessica's Compendium of Good Luck
  1913 | D:3      | Reached skill level 1 in Axes
  1940 | D:3      | Reached skill level 5 in Conjurations
  2024 | D:3      | Reached skill level 3 in Spellcasting
  2024 | D:3      | Reached XP level 5. HP: 26/39 MP: 0/9
  2163 | D:3      | Reached skill level 1 in Fighting
  2171 | D:3      | Reached skill level 1 in Maces & Flails
  2428 | D:3      | Found a runed door.
  2443 | D:3      | Noticed Crazy Yiuf
  2452 | D:3      | Killed Crazy Yiuf
  2452 | D:3      | Reached XP level 6. HP: 42/48 MP: 2/11
  2642 | D:4      | Noticed Frank's ghost (novice OpMo)
  2661 | D:4      | Killed Frank's ghost
  2661 | D:4      | Reached skill level 1 in Staves
  2661 | D:4      | Reached skill level 4 in Spellcasting
  2661 | D:4      | Your scales start taking on a golden yellow colour.
  2661 | D:4      | Reached XP level 7. HP: 43/56 MP: 2/14
  2752 | D:4      | Noticed Blork the orc
  2759 | D:4      | Killed Blork the orc
  2774 | D:4      | Learned a level 3 spell: Dazzling Spray
  2829 | D:4      | Found Hedix's Jewellery Emporium.
  2849 | D:4      | Bought a cursed amulet of inaccuracy for 24 gold pieces
  3328 | D:5      | Entered Level 5 of the Dungeon
  3352 | D:5      | Gained mutation: You occasionally shout uncontrollably at your foes. [potion of mutation]
  3352 | D:5      | Gained mutation: Your mind is acute. (Int +2) [potion of mutation]
  3381 | D:5      | Reached skill level 5 in Spellcasting
  3597 | D:5      | Reached XP level 8. HP: 54/63 MP: 6/15
  4215 | D:6      | Found a staircase to the Ecumenical Temple.
  4241 | Temple   | Entered the Ecumenical Temple
  4341 | Temple   | Became a worshipper of Vehumet
  4377 | D:6      | Noticed bmj180's ghost (novice HuFi)
  4476 | D:6      | Noticed Eustachio
  4487 | D:6      | Killed Eustachio
  4498 | D:6      | Noticed Menkaure
  4504 | D:6      | Killed Menkaure
  4648 | D:6      | Noticed Grinder
  4670 | D:6      | Killed Grinder
  4670 | D:6      | Reached skill level 6 in Spellcasting
  4781 | D:6      | Learned a level 1 spell: Apportation
  5165 | D:7      | Reached XP level 9. HP: 72/73 MP: 5/18
  5437 | D:7      | Noticed Prince Ribbit
  5450 | D:7      | Killed Prince Ribbit
  5450 | D:7      | Reached * piety under Vehumet
  5450 | D:7      | Offered knowledge of Sandblast by Vehumet.
  5450 | D:7      | Reached skill level 5 in Fighting
  5453 | D:7      | Learned a level 1 spell: Sandblast
  5783 | D:7      | Reached skill level 7 in Spellcasting
  5833 | D:7      | Found a shimmering altar of Xom.
  6515 | D:8      | Reached skill level 1 in Earth Magic
  7035 | D:8      | Reached skill level 8 in Spellcasting
  7332 | D:9      | Noticed Psyche
  7572 | D:8      | Killed Psyche
  7572 | D:8      | Reached ** piety under Vehumet
  7572 | D:8      | Reached skill level 5 in Dodging
  7572 | D:8      | Reached XP level 10. HP: 62/83 MP: 7/22
  7659 | D:8      | Learned a level 1 spell: Summon Small Mammal
  7670 | D:8      | Offered knowledge of Freeze by Vehumet.
  7785 | D:9      | Reached skill level 1 in Shields
  7957 | D:9      | Found a staircase to the Lair.
  8090 | Lair:1   | Entered Level 1 of the Lair of Beasts
  8100 | Lair:1   | Learned a level 4 spell: Iskenderun's Mystic Blast
  8282 | Lair:1   | Noticed a spiny frog
  8293 | Lair:1   | Noticed a spiny frog
  8296 | Lair:1   | Killed a spiny frog
  8302 | Lair:1   | Killed a spiny frog
  8337 | Lair:1   | Reached skill level 9 in Spellcasting
  8650 | Lair:1   | Got a pitted war axe
  8651 | Lair:1   | Identified the +6 war axe "Gesuw" {chop, rF+ rC+ MR+ Str+7} (You found it on level 1 of the Lair of Beasts)
  8677 | Lair:1   | Noticed a spiny frog
  8689 | Lair:1   | Killed a spiny frog
  8689 | Lair:1   | Reached skill level 1 in Hexes
  8930 | Lair:1   | Noticed an elephant
  9171 | Lair:1   | Noticed a black mamba
  9400 | Lair:1   | Killed a black mamba
  9400 | Lair:1   | Reached XP level 11. HP: 81/91 MP: 15/24
  9542 | Lair:1   | Offered knowledge of Mephitic Cloud by Vehumet.
  9920 | D:9      | Reached *** piety under Vehumet
 10288 | D:9      | Found a staircase to the Orcish Mines.
 10365 | D:10     | Entered Level 10 of the Dungeon
 10627 | D:10     | Offered knowledge of Airstrike by Vehumet.
 10633 | D:10     | Learned a level 4 spell: Fulminant Prism
 10731 | D:10     | Noticed a vault guard
 10770 | D:10     | Slain by a vault guard

Skill      XL: |  1  2  3  4  5  6  7  8  9 10 11 |
---------------+----------------------------------+-----
Dodging        | 2 3 4 5 6 |  6.1
Axes           | 1 2 3 4 |  4.4
Conjurations   | 5 6 7 |  7.6
Spellcasting   | 3 4 5 6 8 9 |  9.5
Stealth        | 2 3 |  3.7
Fighting       | 1 2 3 4 6 |  6.8
Maces & Flails | 1 2 |  2.6
Staves         | 1 2 |  2.6
Earth Magic    | 1 3 4 |  4.2
Shields        | 3 4 |  4.0
Hexes          | 1 |  1.3
Translocations | |  0.4

Action                   |  1- 3 |  4- 6 |  7- 9 | 10-12 || total
-------------------------+-------+-------+-------+-------++-------
Melee: Unarmed           |     5 |       |       |       ||     5
       Spear             |    15 |       |       |       ||    15
       Tailslap          |     4 |     4 |    17 |    19 ||    44
       Mace              |    12 |     1 |       |       ||    13
       Hand axe          |    19 |    38 |    34 |    55 ||   146
       Quarterstaff      |       |    12 |    30 |       ||    42
       Whip              |       |       |    23 |    27 ||    50
       Flail             |       |       |    23 |       ||    23
       War axe           |       |       |       |    34 ||    34
 Cast: Magic Dart        |    51 |    65 |   206 |   117 ||   439
       Searing Ray       |       |     6 |    21 |     3 ||    30
       Dazzling Spray    |       |       |    15 |    37 ||    52
       Sandblast         |       |       |    49 |    89 ||   138
       Apportation       |       |       |     1 |     4 ||     5
       Iskenderun's Myst |       |       |       |    21 ||    21
 Abil: Breathe Acid      |       |       |     2 |       ||     2
Evoke: Wand              |       |       |       |     2 ||     2
  Use: Scroll            |       |       |    12 |     5 ||    17
       Potion            |       |       |     1 |     1 ||     2
 Stab: Sleeping          |       |       |     1 |       ||     1
       Invisible         |       |       |       |     6 ||     6
  Eat: Chunk             |     3 |     3 |    16 |    11 ||    33
Armor: Skin              |    10 |    11 |    32 |    24 ||    77
Dodge: Dodged            |    20 |    35 |   125 |    87 ||   267
Block: Buckler           |       |       |    37 |    44 ||    81
       Other             |       |       |     2 |       ||     2
       Reflection        |       |       |     3 |     1 ||     4
